 Dungeon Crawl Stone Soup version 0.29.0-13-gc9e81de378 (webtiles) character file.

Game seed: 6947988491943878304

5924 ragingrage the Cleaver (level 10, -1/139 HPs)
             Began as a Hill Orc Monk on Sept 9, 2022.
             Was a Priest of Beogh.
             Slain by a wraith (6 damage)
             ... on level 9 of the Dungeon.
             The game lasted 00:11:46 (13201 turns).

ragingrage the Cleaver (Hill Orc Monk)             Turns: 13201, Time: 00:11:47

Health: -1/139     AC: 25    Str: 19    XL:     10   Next: 83%
Magic:  15/15      EV:  2    Int: 10    God:    Beogh [***...]
Gold:   543        SH:  0    Dex: 13    Spells: 9/9 levels left

rFire   . . .      SeeInvis .   c - +4 dagger (holy)
rCold   . . .      Faith    .   (no shield)
rNeg    + . .      Spirit   .   (body armour currently unavailable)
rPois   +          Reflect  .   (helmet currently unavailable)
rElec   .          Harm     .   (cloak currently unavailable)
rCorr   .          Rampage  .   (gloves currently unavailable)
Will    .....      NoTele   +   (boots currently unavailable)
Stlth   ++........              e - amulet of magic regeneration
HPRegen 0.33/turn               s - ring of poison resistance
MPRegen 0.54/turn               E - ring of positive energy

@: tree-form (expiring), slowed, very slow
A: stationary, stasis, torment immunity, boosted hp
a: Renounce Religion, Smiting


You were on level 9 of the Dungeon.
You worshipped Beogh.
Beogh was most pleased with you.
You were a tree.
You visited 1 branch of the dungeon, and saw 10 of its levels.

You collected 543 gold pieces.

Inventory:

Hand Weapons
 a - a +1 hand axe of draining
 b - a +2 dagger of venom
 c - a +4 dagger of holy wrath (weapon)
 x - a +0 morningstar of protection
 y - a +2 spear of freezing
 A - a +2 whip of freezing
 F - a +1 war axe of freezing
Missiles
 d - a throwing net
 O - 27 poisoned darts (quivered)
Armour
 k - a +0 pair of gloves of strength (melded)
 C - a +0 plate armour (melded)
 G - a +2 helmet (melded)
Jewellery
 e - an amulet of magic regeneration (around neck)
 s - a ring of poison resistance (left branch)
 E - a ring of positive energy (right branch)
 N - a ring of positive energy
Wands
 p - a wand of polymorph (1)
 q - a wand of charming (6)
 M - a wand of iceblast (10)
Scrolls
 f - 2 scrolls of vulnerability
 g - a scroll of silence {unknown}
 j - a scroll of summoning {unknown}
 l - 4 scrolls of identify {@rr}
 o - 2 scrolls of fear
 t - 5 scrolls of teleportation
 u - 4 scrolls of noise {unknown}
 w - a scroll of torment {unknown}
 I - a scroll of amnesia {unknown}
 J - a scroll of butterflies {unknown}
 K - a scroll of enchant armour {unknown}
Potions
 h - a potion of haste {unknown}
 i - a potion of ambrosia
 m - a potion of lignification
 n - 4 potions of heal wounds
 r - a potion of resistance {unknown}
 v - 4 potions of might {unknown}
 z - a potion of attraction {unknown}
 B - 5 potions of curing {unknown}
 D - 2 potions of mutation {unknown}
 H - a potion of invisibility {unknown}


   Skills:
 - Level 10.0 Fighting
 + Level 14.5 Axes
 - Level 6.0 Armour
 - Level 4.0 Dodging
 - Level 1.5 Stealth
 - Level 7.0 Invocations


You had 9 spell levels left.
You didn't know any spells.
Your spell library contained the following spells:

 Spells                   Type           Power      Damage    Failure   Level
 Foxfire                  Conj/Fire      0%         2x1d4     36%         1
 Shock                    Conj/Air       0%         1d3       36%         1
 Conjure Flame            Conj/Fire      0%         6-21      75%         3
 Inner Flame              Hex/Fire       0%         N/A       75%         3
 Swiftness                Air            0%         N/A       75%         3
 Tukima's Dance           Hex            0%         N/A       75%         3
 Airstrike                Air            0%         2d(0-16)  98%         4
 Flame Wave               Conj/Fire      0%         2d4       98%         4
 Passage of Golubria      Tloc           0%         N/A       98%         4
 Blade Hands              Tmut           0%         N/A       100%        5
 Irradiate                Conj/Tmut      0%         3d11      100%        5
 Yara's Violent Unravell  Hex/Tmut       0%         3d3       100%        5
 Dragon Form              Tmut           0%         N/A       100%        7


Dungeon Overview and Level Annotations

Branches:
Dungeon (10/15)            Temple (0/1) D:7
   Lair: D:8-11         Orc: D:9-12

Altars:
Cheibriados
Fedhas
Kikubaaqudgha
Okawaru
Ru
Sif Muna
Vehumet
Yredelemnul

Shops:
D:7 *

Annotations:
D:6 1 runed translucent door, Crazy Yiuf
D:7 exclusion: downstairs


Message History

You closely miss the wraith.
The wraith is lightly damaged.
The wraith hits you!
* * * LOW HITPOINT WARNING * * *
The wraith drains your vigour!
You feel as though you will be slow longer.
The wraith hits you.
* * * LOW HITPOINT WARNING * * *
The wraith drains your vigour!
You feel as though you will be slow longer.
You hit the wraith.
The wraith convulses!
The wraith is heavily damaged.
The wraith hits you but does no damage.
You hit the wraith.
The wraith convulses.
You punch the wraith, but do no damage.
The wraith is severely damaged.
The wraith hits you but does no damage. The wraith hits you.
* * * LOW HITPOINT WARNING * * *
The wraith drains your vigour!
You feel as though you will be slow longer.
You hit the wraith but do no damage.
The wraith is severely damaged.
The wraith hits you but does no damage.
You hit the wraith but do no damage.
The wraith is severely damaged.
The wraith hits you but does no damage. The wraith hits you!
* * * LOW HITPOINT WARNING * * *
The wraith drains your vigour!
You feel as though you will be slow longer.
You hit the wraith.
The wraith convulses.
The wraith is severely damaged.
The wraith hits you!
* * * LOW HITPOINT WARNING * * *
The wraith drains your vigour!
You feel as though you will be slow longer.
You hit the wraith but do no damage.
The wraith is severely damaged.
Your transformation is almost over.
The wraith hits you.
You die...

#....# #....# #....# ####
.....# #..# .....# #######
#..#### .....########.....#
#.....#
.....)............###.....####
...............W..............
.....##########)♣.............
.....# #............... .....#
#.............#' .....#
#.............# .....#
#.............#. ##...#
#.............'. #...#
#.............##
#...##########...............
.#......D.....................


You could see a wraith.

Vanquished Creatures
  A hydra (D:9)
  A two-headed ogre (D:9)
  An ugly thing (D:9)
  A queen bee (shapeshifter) (D:9)
  Prince Ribbit (D:7)
  A hornet (D:9)
  A slime creature (D:9)
  A wraith (D:9)
  A vampire (D:9)
  A yak (D:9)
  An unseen horror simulacrum (D:9)
  A basilisk (D:9)
  An acid dragon (D:9)
  4 water moccasins
  A black bear (D:7)
  2 ice beasts
  2 orc warriors
  2 centaurs (D:9)
  2 kobold brigands (D:9)
  4 necrophages
  2 bullfrogs
  A scorpion (D:5)
  2 wights (D:8)
  A howler monkey (D:5)
  2 orc priests
  2 hounds
  A jelly (D:5)
  A gnoll bouda (D:9)
  Terence (D:3)
  3 hell rats (D:8)
  An iguana (D:4)
  11 orc wizards
  Robin (D:2)
  18 gnolls
  11 adders
  A river rat (D:8)
  2 shadow imps (D:8)
  A white imp (D:7)
  An ufetubus (D:4)
  2 worms (D:2)
  A dart slug (D:3)
  26 orcs
  7 endoplasms
  7 giant cockroaches
  18 goblins
  11 hobgoblins
  13 kobolds
  8 quokkas
  4 ball pythons
  5 bats
  3 frilled lizards
  8 rats
206 creatures vanquished.

Vanquished Creatures (collateral kills)
  An orc (D:6)
1 creature vanquished.

Vanquished Creatures (others)
  An orc (D:9)
  An orc priest (D:9)
  2 orc wizards (D:9)
4 creatures vanquished.

Grand Total: 211 creatures vanquished

Notes
Turn   | Place    | Note
-------+----------+-------------------------------------------
     0 | D:1      | ragingrage the Hill Orc Monk began the quest for the Orb.
     0 | D:1      | Reached XP level 1. HP: 19/19 MP: 1/1
   358 | D:1      | Reached XP level 2. HP: 13/26 MP: 2/2
   640 | D:1      | Reached skill level 5 in Axes
  1031 | D:1      | Reached XP level 3. HP: 33/33 MP: 3/3
  1443 | D:2      | Reached skill level 1 in Armour
  1828 | D:2      | Reached XP level 4. HP: 29/40 MP: 4/4
  2720 | D:2      | Noticed Robin
  2858 | D:2      | Killed Robin
  2859 | D:2      | Reached XP level 5. HP: 31/47 MP: 5/5
  4089 | D:3      | Reached skill level 6 in Axes
  4143 | D:3      | Reached XP level 6. HP: 37/55 MP: 6/6
  4585 | D:3      | Reached skill level 5 in Fighting
  4807 | D:3      | Found an iron altar of Okawaru.
  4807 | D:3      | Noticed Terence
  4818 | D:3      | Killed Terence
  4911 | D:3      | Found a snail-covered altar of Cheibriados.
  5187 | D:4      | Identified the +3 robe "Vuafil" {Str+7 Dex-4}
  5597 | D:4      | Found a basalt altar of Yredelemnul.
  5780 | D:5      | Entered Level 5 of the Dungeon
  5819 | D:5      | Reached XP level 7. HP: 61/61 MP: 7/7
  6167 | D:5      | Reached skill level 7 in Axes
  6361 | D:5      | Found an ancient bone altar of Kikubaaqudgha.
  6397 | D:5      | Found a radiant altar of Vehumet.
  6411 | D:5      | Found a shimmering blue altar of Sif Muna.
  6471 | D:5      | Became a worshipper of Beogh the Brigand
  6471 | D:5      | Reached * piety under Beogh
  6471 | D:5      | Reached ** piety under Beogh
  7581 | D:6      | Found a runed translucent door.
  7582 | D:6      | Noticed Crazy Yiuf
  7650 | D:6      | Reached XP level 8. HP: 71/71 MP: 8/8
  7981 | D:6      | Reached skill level 1 in Invocations
  8027 | D:7      | Reached skill level 8 in Axes
  8027 | D:7      | Reached skill level 5 in Armour
  9041 | D:7      | Noticed Prince Ribbit
  9085 | D:7      | Killed Prince Ribbit
  9086 | D:7      | Reached XP level 9. HP: 30/79 MP: 10/12
  9323 | D:7      | Found Ekatigh's Assorted Antiques.
  9410 | D:7      | Found a staircase to the Ecumenical Temple.
  9598 | D:7      | Reached skill level 9 in Axes
  9748 | D:7      | Reached skill level 5 in Invocations
 10124 | D:8      | Found a sacrificial altar of Ru.
 10185 | D:8      | Reached *** piety under Beogh
 10326 | D:8      | Noticed a death yak
 10328 | D:8      | Noticed a death yak
 10334 | D:8      | Noticed a death yak
 11425 | D:9      | Reached skill level 10 in Axes
 11427 | D:9      | Noticed a hornet
 11432 | D:10     | Entered Level 10 of the Dungeon
 11432 | D:10     | Noticed a brown ugly thing
 11450 | D:9      | Killed a hornet
 11720 | D:9      | Found a blossoming altar of Fedhas.
 11871 | D:9      | HP: 3/83 [unseen horror simulacrum (8)]
 12527 | D:9      | Noticed a purple ugly thing
 12562 | D:9      | Reached XP level 10. HP: 89/92 MP: 12/15
 12568 | D:9      | Killed a purple ugly thing
 12569 | D:9      | Reached skill level 10 in Fighting
 12569 | D:9      | Reached skill level 11 in Axes
 12588 | D:9      | Reached skill level 12 in Axes
 12860 | D:9      | Noticed a two-headed ogre
 12884 | D:9      | Killed a two-headed ogre
 12885 | D:9      | Reached skill level 13 in Axes
 13098 | D:9      | Noticed a six-headed hydra
 13108 | D:9      | Killed a six-headed hydra
 13109 | D:9      | Reached skill level 14 in Axes
 13200 | D:9      | HP: 4/139 [wraith (7)]
 13201 | D:9      | Slain by a wraith

Illustrated notes

Levels and vault maps discovered:
D:1:      dpeg_arrival_rhombi, layout_rooms
D:2:      kennysheep_six_static_rooms, layout_loops_ring, uniq_robin
D:3:      layout_loops_cross, mainiacjoe_overflow_swirl, corexii_corridor_pit,
          uniq_terence
D:4:      layout_loops_ring, overflow_temple_1_default
D:5:      layout_layer_cave, palyth_temple_overflow_mages
D:6:      layout_rooms, uniq_crazy_yiuf_cottage
D:7:      layout_rooms, minmay_temple_entry_ruins, serial_shops,
          nicolae_shop_stone, minmay_door_square, minivault_5,
          uniq_prince_ribbit1
D:8:      layout_loops_ring, nicolae_ru_great_annihilating_truth,
          dpeg_lair_monsters
D:9:      layout_irregular_city, lemuel_crystal_altar, minmay_the_grid_2x2
          [minmay_the_grid_spikes, minmay_the_grid_plusring,
          minmay_the_grid_broken_lines, minmay_the_grid_prize_trominoes]
D:10:     layout_cave_pools

Skill      XL: |  1  2  3  4  5  6  7  8  9 10 |
---------------+-------------------------------+-----
Axes           | 5 6 7 8 10 14 | 14.5
Armour         | 1 2 3 4 5 6 |  6.0
Fighting       | 4 5 6 7 9 10 | 10.0
Dodging        | 3 4 |  4.0
Invocations    | 4 7 |  7.0
Stealth        | |  1.5

Action                   |  1- 3 |  4- 6 |  7- 9 | 10-12 || total
-------------------------+-------+-------+-------+-------++-------
Melee: Hand axe          |    28 |       |    29 |    83 ||   140
       Dagger            |    61 |   282 |   436 |    13 ||   792
       Punch             |     1 |     4 |     7 |     1 ||    13
       War axe           |       |       |     1 |       ||     1
       Spear             |       |       |       |     7 ||     7
Throw: Throwing net      |       |       |     1 |       ||     1
       Dart              |       |       |       |     2 ||     2
Invok: Convert to Beogh  |       |       |     1 |       ||     1
       Smiting           |       |       |     1 |     4 ||     5
Evoke: Wand              |       |       |     4 |     1 ||     5
  Use: Potion            |       |     1 |       |     2 ||     3
       Scroll            |       |       |     8 |     1 ||     9
 Stab: Sleeping          |     2 |     5 |       |       ||     7
       Paralysed         |       |       |     1 |       ||     1
Armor: Robe              |    14 |    34 |       |       ||    48
       Chain mail        |       |    54 |     3 |       ||    57
       Plate armour      |       |       |   299 |    39 ||   338
       Skin              |       |       |       |    32 ||    32
Dodge: Dodged            |    57 |   122 |   162 |    33 ||   374
